Islanders vs Whalers

Created - 11 mai 2022 at 17:04

Goals
1 2 3 OT1 T
Islanders 0 1 1 1 3
Whalers 0 1 1 0 2
Shots
1 2 3 OT1 T
Islanders 10 14 9 4 37
Whalers 4 18 6 12 40

1st period

No Goal

Penalties :
Scott Mayfield (HAR) for Hooking (Minor) at 8:33

2nd period

1. Islanders , Brock Nelson 2 (Johnny Gaudreau 3, Brady Skjei 2) at 2:35
2. Whalers , Vladimir Tarasenko 1 (Joe Pavelski 5, Justin Faulk 1) at 15:51

Penalties :
No Penalty

3rd period

3. Islanders , Rickard Rakell 1 (Evgeny Kuznetsov 1) at 8:22
4. Whalers , Sean Couturier 4 (David Perron 9) at 13:15

Penalties :
Braydon Coburn (NYI) for Tripping (Minor) at 2:39

Overtime #1

5. Islanders , Evgeny Kuznetsov 4 (Rickard Rakell 3) at 14:11

Penalties :
Mathew Dumba (NYI) for Hooking (Minor) at 3:34

Goalie Stats

James Reimer (NYI), 38 saves from 40 shots - (0,950), W, 3-0-1, 74:11 minutes
Jacob Markstrom (HAR), 34 saves from 37 shots - (0,919), OTL, 3-2-1, 74:11 minutes

Players Stats for Islanders

Player Name              G  A  P  +/- PIM S  H  SB GA TA FO     MP     PP MP  PK MP  
------------------------------------------------------------------------------------
Brad Richardson          0  0  0   0  0   2  1  0  0  0  0/6    10:49   0:00   1:54 
Brady Skjei              0  1  1   0  0   4  1  2  0  0  0/0    27:04   0:23   1:28 
Braydon Coburn           0  0  0   1  2   2  4  3  1  1  0/0    24:01   0:00   1:10 
Brian Dumoulin           0  0  0   0  0   0  0  2  0  1  0/0    21:53   0:23   0:43 
Brock Nelson             1  0  1  -1  0   2  0  0  1  1  9/23   22:29   1:32   0:00 
Erik Gudbranson          0  0  0   0  0   1  3  1  0  1  0/0    22:14   0:00   1:28 
Evgeny Kuznetsov         1  1  2   2  0   2  1  0  3  0  0/0    21:47   1:32   0:03 
Jake Muzzin              0  0  0   1  0   1  1  2  0  2  0/0    26:50   1:36   2:30 
Jean-Gabriel Pageau      0  0  0   2  0   1  2  0  1  1  14/29  22:16   0:00   1:54 
Johnny Gaudreau          0  1  1  -1  0   3  1  0  2  0  0/1    22:29   1:32   0:00 
Jordan Staal             0  0  0   0  0   1  2  2  0  0  7/14   18:47   0:27   0:10 
Mathew Dumba             0  0  0   0  2   4  2  2  0  0  0/0    26:24   1:36   0:37 
Nick Bonino              0  0  0   0  0   3  0  0  0  0  0/0    20:03   0:00   1:54 
Nick Paul                0  0  0   0  0   1  4  0  0  0  0/0    20:16   0:00   2:01 
Rem Pitlick              0  0  0  -1  0   4  3  0  1  0  0/0    21:25   0:27   0:00 
Rickard Rakell           1  1  2   2  0   5  0  1  2  0  0/1    20:50   0:27   0:00 
Ryan Carpenter           0  0  0   0  0   0  0  0  0  0  0/0     8:39   0:00   0:00 
Sam Gagner               0  0  0   0  0   1  1  0  1  0  0/0     8:39   0:00   0:00 

Players Stats for Whalers

Player Name              G  A  P  +/- PIM S  H  SB GA TA FO     MP     PP MP  PK MP  
------------------------------------------------------------------------------------
Bryan Rust               0  0  0   1  0   4  1  0  0  0  0/1    21:03   1:54   0:00 
Christian Dvorak         0  0  0  -1  0   3  1  0  1  1  8/16   21:43   0:00   0:59 
David Perron             0  1  1   1  0   5  0  0  2  1  0/1    21:03   1:54   0:00 
David Savard             0  0  0   0  0   0  2  0  1  2  0/0    18:56   0:00   0:51 
Drake Batherson          0  0  0  -1  0   3  1  0  0  1  2/2    20:44   0:00   0:00 
Jacob Middleton          0  0  0   0  0   0  0  1  0  0  0/0    20:22   1:37   0:40 
Joe Pavelski             0  1  1   1  0   1  3  1  0  0  12/19  20:40   1:54   0:00 
Justin Faulk             0  1  1  -1  0   2  3  0  0  1  0/0    30:56   2:21   1:19 
Mike Hardman             0  0  0  -1  0   2  3  1  1  0  0/0    20:44   0:00   0:00 
Nikita Zadorov           0  0  0   0  0   1  4  3  0  1  0/0    24:37   0:00   1:08 
Riley Nash               0  0  0  -2  0   1  0  1  0  0  0/0     9:05   0:00   1:00 
Roman Josi               0  0  0  -1  0   2  0  6  0  3  0/0    29:01   2:21   0:00 
Scott Mayfield           0  0  0   0  2   3  2  1  0  1  0/0    24:30   1:37   0:00 
Sean Couturier           1  0  1   1  0   4  1  1  0  0  18/28  22:43   2:04   0:00 
Shane Pinto              0  0  0  -2  0   2  1  0  1  0  3/4     9:03   0:00   0:59 
Timo Meier               0  0  0   1  0   1  0  2  1  1  1/3    22:20   2:04   0:00 
Tobias Rieder            0  0  0  -2  0   1  0  0  0  0  0/0     9:05   0:00   1:00 
Vladimir Tarasenko       1  0  1   1  0   5  2  1  0  0  0/0    22:20   2:04   0:00 

3 Stars

1 - Evgeny Kuznetsov (NYI)
2 - Rickard Rakell (NYI)
3 - James Reimer (NYI)

Power Play

Islanders - 0 on 1 Attempt(s) - 0,00%
Whalers - 0 on 2 Attempt(s) - 0,00%

Penalty Kill

Islanders - 2 on 2 Attempt(s) - 100,00% - Score 0 goal in Penalty Kill
Whalers - 1 on 1 Attempt(s) - 100,00% - Score 0 goal in Penalty Kill

Team Stat

Islanders - Hits : 26 - Faceoff Wins : 30 - Blocked Shots : 15 - Penalty Minutes : 4
Whalers - Hits : 24 - Faceoff Wins : 44 - Blocked Shots : 18 - Penalty Minutes : 2

Official

Referees : Steve Kozari and Gord Dwyer
Linesman : Brent Hooks and Jaime Alary

Game Notes

No Game Note

Finance

Level 1 -- Attendance: 4780 (79,67%) -- Ticket Income 717 000 $
Level 2 -- Attendance: 3408 (68,16%) -- Ticket Income 426 000 $
Level 3 -- Attendance: 1048 (52,40%) -- Ticket Income 125 760 $
Level 4 -- Attendance: 1986 (49,65%) -- Ticket Income 158 880 $
Luxury Box -- Attendance: 549 (54,90%) -- Ticket Income 274 500 $
Game was played at the The Pound.
Total Attendance: 11771 (65,39%)
Total Ticket Income: 1 702 140 $
Other Income: 834 049 $
Total Income: 2 536 189 $

Islanders

5 vs 5 Forward 
   Center                   Left Wing                Right Wing               Time % Phy DF OF 
 1 Brock Nelson             Johnny Gaudreau          Rem Pitlick              32     1   2  2  
 2 Jean-Gabriel Pageau      Rickard Rakell           Evgeny Kuznetsov         32     1   2  2  
 3 Jordan Staal             Nick Paul                Nick Bonino              28     1   2  2  
 4 Brad Richardson          Sam Gagner               Ryan Carpenter           8      1   2  2  

5 vs 5 Defense 
   Defense                  Defense                                           Time % Phy DF OF 
 1 Brady Skjei              Mathew Dumba                                      35     1   2  2  
 2 Jake Muzzin              Braydon Coburn                                    35     1   2  2  
 3 Brian Dumoulin           Erik Gudbranson                                   30     1   2  2  
 4 Brady Skjei              Mathew Dumba                                      0      1   2  2  

PowerPlay Forward 
   Center                   Left Wing                Right Wing               Time % Phy DF OF 
 1 Brock Nelson             Johnny Gaudreau          Evgeny Kuznetsov         70     1   1  3  
 2 Jordan Staal             Rickard Rakell           Rem Pitlick              30     1   1  3  

PowerPlay Defense
   Defense                  Defense                                           Time % Phy DF OF 
 1 Jake Muzzin              Mathew Dumba                                      70     1   1  3  
 2 Brady Skjei              Brian Dumoulin                                    30     1   1  3  

Penalty Kill 4 Players Forward 
   Center                   Wing                     Time % Phy DF OF 
 1 Brad Richardson          Nick Paul                50     1   3  1  
 2 Jean-Gabriel Pageau      Nick Bonino              50     1   3  1  

Penalty Kill 4 Players Defense
   Defense                  Defense                  Time % Phy DF OF 
 1 Jake Muzzin              Braydon Coburn           50     1   3  1  
 2 Brady Skjei              Erik Gudbranson          50     1   3  1  

Penalty Kill - 3 Players Forward 
   Forward                                           Time % Phy DF OF 
 1 Nick Bonino                                       50     0   5  0  
 2 Jean-Gabriel Pageau                               50     0   5  0  

Penalty Kill - 3 Players Defense
   Defense                  Defense                  Time % Phy DF OF 
 1 Jake Muzzin              Braydon Coburn           50     1   4  0  
 2 Brady Skjei              Erik Gudbranson          50     1   4  0  

4 vs 4 Forward 
   Center                   Wing                     Time % Phy DF OF 
 1 Brock Nelson             Johnny Gaudreau          50     1   2  2  
 2 Jean-Gabriel Pageau      Evgeny Kuznetsov         50     1   2  2  

4 vs 4 Defense
   Defense                  Defense                  Time % Phy DF OF 
 1 Brady Skjei              Mathew Dumba             50     1   2  2  
 2 Jake Muzzin              Braydon Coburn           50     1   2  2  

Last Minutes Offensive
   Center                   Left Wing                Right Wing               Defense                  Defense                  
   Brock Nelson             Johnny Gaudreau          Evgeny Kuznetsov         Jake Muzzin              Mathew Dumba             

Last Minutes Defensive
   Center                   Left Wing                Right Wing               Defense                  Defense                  
   Jean-Gabriel Pageau      Brad Richardson          Nick Bonino              Braydon Coburn           Erik Gudbranson          

Goaltenders
Starting : James Reimer             
Backup : Henrik Lundqvist         

Extra Forwards
Normal : Jordan Staal, Jean-Gabriel Pageau, Brock Nelson - PP : Jean-Gabriel Pageau, Nick Bonino - PK : Jordan Staal
Extra Defensemen
Normal : Brian Dumoulin, Brady Skjei, Jake Muzzin - PP : Braydon Coburn - PK : Brian Dumoulin, Mathew Dumba
Penalty Shots
Evgeny Kuznetsov, Johnny Gaudreau, Jake Muzzin, Rem Pitlick, Nick Bonino
Custom OT Lines Forwards
Brock Nelson, Johnny Gaudreau, Jean-Gabriel Pageau, Evgeny Kuznetsov, Jordan Staal, Rem Pitlick, Nick Bonino, Rickard Rakell, Nick Paul, Sam Gagner
Custom OT Lines Defensemen
Mathew Dumba, Brady Skjei, Jake Muzzin, Brian Dumoulin, Braydon Coburn

Scratches
Craig Smith (Healthy), Ian Cole (Healthy)

Whalers

5 vs 5 Forward 
   Center                   Left Wing                Right Wing               Time % Phy DF OF 
 1 Sean Couturier           Bryan Rust               David Perron             33     0   1  4  
 2 Joe Pavelski             Timo Meier               Vladimir Tarasenko       31     0   1  4  
 3 Christian Dvorak         Mike Hardman             Drake Batherson          31     0   1  4  
 4 Shane Pinto              Tobias Rieder            Riley Nash               5      0   2  3  

5 vs 5 Defense 
   Defense                  Defense                                           Time % Phy DF OF 
 1 Justin Faulk             Roman Josi                                        38     0   3  2  
 2 Nikita Zadorov           Scott Mayfield                                    33     0   3  2  
 3 David Savard             Jacob Middleton                                   29     0   3  2  
 4 Justin Faulk             Nikita Zadorov                                    0      0   3  2  

PowerPlay Forward 
   Center                   Left Wing                Right Wing               Time % Phy DF OF 
 1 Joe Pavelski             Bryan Rust               David Perron             50     0   0  5  
 2 Sean Couturier           Timo Meier               Vladimir Tarasenko       50     0   0  5  

PowerPlay Defense
   Defense                  Defense                                           Time % Phy DF OF 
 1 Justin Faulk             Roman Josi                                        50     0   0  5  
 2 Scott Mayfield           Jacob Middleton                                   50     0   0  5  

Penalty Kill 4 Players Forward 
   Center                   Wing                     Time % Phy DF OF 
 1 Christian Dvorak         Shane Pinto              55     0   5  0  
 2 Riley Nash               Tobias Rieder            45     0   5  0  

Penalty Kill 4 Players Defense
   Defense                  Defense                  Time % Phy DF OF 
 1 Justin Faulk             David Savard             50     0   5  0  
 2 Nikita Zadorov           Scott Mayfield           50     0   5  0  

Penalty Kill - 3 Players Forward 
   Forward                                           Time % Phy DF OF 
 1 Christian Dvorak                                  50     0   5  0  
 2 Riley Nash                                        50     0   5  0  

Penalty Kill - 3 Players Defense
   Defense                  Defense                  Time % Phy DF OF 
 1 Justin Faulk             David Savard             50     0   5  0  
 2 Nikita Zadorov           Scott Mayfield           50     0   5  0  

4 vs 4 Forward 
   Center                   Wing                     Time % Phy DF OF 
 1 Joe Pavelski             Christian Dvorak         60     0   2  3  
 2 Sean Couturier           Vladimir Tarasenko       40     0   2  3  

4 vs 4 Defense
   Defense                  Defense                  Time % Phy DF OF 
 1 Justin Faulk             Roman Josi               50     0   3  2  
 2 Nikita Zadorov           David Savard             50     0   3  2  

Last Minutes Offensive
   Center                   Left Wing                Right Wing               Defense                  Defense                  
   Joe Pavelski             David Perron             Vladimir Tarasenko       Justin Faulk             Roman Josi               

Last Minutes Defensive
   Center                   Left Wing                Right Wing               Defense                  Defense                  
   Sean Couturier           Christian Dvorak         Riley Nash               Scott Mayfield           David Savard             

Goaltenders
Starting : Jacob Markstrom          
Backup : Laurent Brossoit         

Extra Forwards
Normal : Joe Pavelski, David Perron, Sean Couturier - PP : Drake Batherson, Christian Dvorak - PK : Timo Meier
Extra Defensemen
Normal : Justin Faulk, Scott Mayfield, Jacob Middleton - PP : Nikita Zadorov - PK : Scott Mayfield, Justin Faulk
Penalty Shots
Joe Pavelski, Vladimir Tarasenko, Drake Batherson, Bryan Rust, David Perron
Custom OT Lines Forwards
Joe Pavelski, Sean Couturier, David Perron, Bryan Rust, Christian Dvorak, Drake Batherson, Timo Meier, Vladimir Tarasenko, Mike Hardman, Riley Nash
Custom OT Lines Defensemen
Justin Faulk, Nikita Zadorov, Roman Josi, David Savard, Scott Mayfield

Scratches
Sean Walker (Sore Right Knee Injury), Reilly Smith (Torn Left Knee Ligaments Injury)

% Time on Ice - Islanders

Lines # - Real PCT - Wanted PCT - Time Play
Normal Forward
1 - 31% - 32% - 21:03
2 - 30% - 32% - 20:23
3 - 27% - 28% - 18:09
4 - 13% - 8% - 8:39
Normal Defense
1 - 35% - 35% - 23:49
2 - 35% - 35% - 23:59
3 - 30% - 30% - 20:09
4 - 0% - 0% - 0:17
PP Forward
1 - 77% - 70% - 1:32
2 - 23% - 30% - 0:27
PP Defense
1 - 81% - 70% - 1:36
2 - 19% - 30% - 0:23
PK Forward
1 - 52% - 50% - 2:04
2 - 48% - 50% - 1:54
PK Defense
1 - 63% - 50% - 2:30
2 - 37% - 50% - 1:28
PK3 Forward
1 - 0% - 50%
2 - 0% - 50%
PK3 Defense
1 - 0% - 50%
2 - 0% - 50%
44 Forward
1 - 0% - 50%
2 - 0% - 50%
44 Defense
1 - 0% - 50%
2 - 0% - 50%
Last Minute Offensive  - 0:00
Last Minute Defensive  - 0:00
Total
Forward - 74:11
Defense - 74:11

% Time on Ice - Whalers

Lines # - Real PCT - Wanted PCT - Time Play
Normal Forward
1 - 28% - 33% - 19:09
2 - 30% - 31% - 20:17
3 - 30% - 31% - 20:44
4 - 12% - 5% - 8:04
Normal Defense
1 - 39% - 38% - 26:40
2 - 33% - 33% - 22:34
3 - 27% - 29% - 18:05
4 - 1% - 0% - 0:55
PP Forward
1 - 48% - 50% - 1:54
2 - 52% - 50% - 2:04
PP Defense
1 - 59% - 50% - 2:21
2 - 41% - 50% - 1:37
PK Forward
1 - 50% - 55% - 0:59
2 - 50% - 45% - 1:00
PK Defense
1 - 14% - 50% - 0:17
2 - 86% - 50% - 1:42
PK3 Forward
1 - 0% - 50%
2 - 0% - 50%
PK3 Defense
1 - 0% - 50%
2 - 0% - 50%
44 Forward
1 - 0% - 60%
2 - 0% - 40%
44 Defense
1 - 0% - 50%
2 - 0% - 50%
Last Minute Offensive  - 0:00
Last Minute Defensive  - 0:00
Total
Forward - 74:11
Defense - 74:11

Play-by-Play

1st period


0:01 of 1st period - Sean Couturier wins face-off versus Brock Nelson in neutral zone.
0:33 of 1st period - Wrist shot by Jean-Gabriel Pageau.
0:33 of 1st period - Shot Blocked by Roman Josi.
1:09 of 1st period - Snap shot by Sam Gagner.
1:09 of 1st period - Shot Misses the Net.
1:27 of 1st period - Jacob Middleton is hit by Rem Pitlick.
1:48 of 1st period - Rickard Rakell is hit by Vladimir Tarasenko and loses puck.
2:38 of 1st period - Justin Faulk is hit by Nick Paul and loses puck.
2:55 of 1st period - Nikita Zadorov is hit by Brady Skjei and loses puck.
3:25 of 1st period - Jacob Middleton is hit by Brad Richardson.
3:41 of 1st period - David Savard is hit by Sam Gagner and loses puck.
4:16 of 1st period - Slapshot by Brad Richardson.
4:16 of 1st period - Stopped by Jacob Markstrom with a rebound.
4:18 of 1st period - Snap shot by Brady Skjei.
4:18 of 1st period - Shot Misses the Net.
4:20 of 1st period - Slapshot by Brady Skjei.
4:20 of 1st period - Shot Hit the Post.
4:22 of 1st period - Wrist shot by Brady Skjei.
4:22 of 1st period - Stopped by Jacob Markstrom without a rebound.
4:23 of 1st period - Jean-Gabriel Pageau wins face-off versus Timo Meier in Whalers zone.
4:38 of 1st period - Jean-Gabriel Pageau is hit by Joe Pavelski and loses puck.
4:57 of 1st period - Brock Nelson is hit by Scott Mayfield and loses puck.
6:28 of 1st period - Mike Hardman is hit by Evgeny Kuznetsov and loses puck.
7:09 of 1st period - Mathew Dumba is hit by Joe Pavelski and loses puck.
7:46 of 1st period - Riley Nash is hit by Jake Muzzin and loses puck.
8:16 of 1st period - Nikita Zadorov is hit by Erik Gudbranson and loses puck.
8:33 of 1st period - Minor Penalty to Scott Mayfield for Hooking.
8:34 of 1st period - Brock Nelson wins face-off versus Shane Pinto in Whalers zone.
8:47 of 1st period - Wrist shot by Johnny Gaudreau.
8:47 of 1st period - Shot Misses the Net.
9:45 of 1st period - Icing by Johnny Gaudreau.
9:46 of 1st period - Christian Dvorak wins face-off versus Brock Nelson in Islanders zone.
10:01 of 1st period - Snap shot by Riley Nash.
10:01 of 1st period - Shot Misses the Net.
10:19 of 1st period - Snap shot by Jordan Staal.
10:19 of 1st period - Shot Blocked by Riley Nash.
10:21 of 1st period - Slapshot by Mathew Dumba.
10:21 of 1st period - Stopped by Jacob Markstrom with a rebound.
10:33 of 1st period - Penalty to Scott Mayfield is over, Scott Mayfield is back on ice.
10:37 of 1st period - Slapshot by Tobias Rieder.
10:37 of 1st period - Shot Blocked by Brian Dumoulin.
11:05 of 1st period - Snap shot by Nick Bonino.
11:05 of 1st period - Stopped by Jacob Markstrom with a rebound.
11:30 of 1st period - Slapshot by Christian Dvorak.
11:30 of 1st period - Shot Misses the Net.
11:32 of 1st period - Slapshot by Scott Mayfield.
11:32 of 1st period - Stopped by James Reimer without a rebound.
11:33 of 1st period - Joe Pavelski wins face-off versus Brad Richardson in Islanders zone.
11:50 of 1st period - Mike Hardman is hit by Braydon Coburn and loses puck.
12:07 of 1st period - Wrist shot by Evgeny Kuznetsov.
12:07 of 1st period - Shot Blocked by Roman Josi.
12:09 of 1st period - Wrist shot by Rickard Rakell.
12:09 of 1st period - Stopped by Jacob Markstrom without a rebound.
12:10 of 1st period - Brock Nelson wins face-off versus Sean Couturier in Whalers zone.
12:21 of 1st period - Snap shot by Johnny Gaudreau.
12:21 of 1st period - Shot Blocked by Jacob Middleton.
12:23 of 1st period - Slapshot by Erik Gudbranson.
12:23 of 1st period - Shot Misses the Net.
12:25 of 1st period - Snap shot by Johnny Gaudreau.
12:25 of 1st period - Stopped by Jacob Markstrom with a rebound.
12:37 of 1st period - Nick Bonino is hit by David Savard and loses puck.
13:02 of 1st period - Wrist shot by Vladimir Tarasenko.
13:02 of 1st period - Stopped by James Reimer without a rebound.
13:03 of 1st period - Joe Pavelski wins face-off versus Brad Richardson in Islanders zone.
13:15 of 1st period - Off-side.
13:16 of 1st period - Christian Dvorak wins face-off versus Jean-Gabriel Pageau in neutral zone.
13:27 of 1st period - Braydon Coburn is hit by Drake Batherson and loses puck.
13:42 of 1st period - Braydon Coburn is hit by Joe Pavelski and loses puck.
14:31 of 1st period - Snap shot by Shane Pinto.
14:31 of 1st period - Shot Hit the Post.
14:33 of 1st period - Slapshot by Justin Faulk.
14:33 of 1st period - Stopped by James Reimer without a rebound.
14:34 of 1st period - Brock Nelson wins face-off versus Christian Dvorak in Islanders zone.
14:48 of 1st period - Icing by Rem Pitlick.
14:49 of 1st period - Joe Pavelski wins face-off versus Brock Nelson in Islanders zone.
14:50 of 1st period - Wrist shot by Vladimir Tarasenko.
14:50 of 1st period - Stopped by James Reimer with a rebound.
14:56 of 1st period - Snap shot by Rem Pitlick.
14:56 of 1st period - Shot Misses the Net.
14:58 of 1st period - Wrist shot by Brock Nelson.
14:58 of 1st period - Shot Blocked by Nikita Zadorov.
15:02 of 1st period - Slapshot by Johnny Gaudreau.
15:02 of 1st period - Shot Misses the Net.
15:04 of 1st period - Slapshot by Brady Skjei.
15:04 of 1st period - Shot Misses the Net.
15:06 of 1st period - Slapshot by Mathew Dumba.
15:06 of 1st period - Shot Misses the Net.
15:30 of 1st period - Slapshot by Johnny Gaudreau.
15:30 of 1st period - Shot Blocked by Nikita Zadorov.
15:32 of 1st period - Snap shot by Rem Pitlick.
15:32 of 1st period - Stopped by Jacob Markstrom with a rebound.
15:34 of 1st period - Snap shot by Brady Skjei.
15:34 of 1st period - Shot Blocked by Timo Meier.
15:36 of 1st period - Snap shot by Rem Pitlick.
15:36 of 1st period - Shot Blocked by Nikita Zadorov.
15:38 of 1st period - Wrist shot by Mathew Dumba.
15:38 of 1st period - Stopped by Jacob Markstrom without a rebound.
15:39 of 1st period - Jean-Gabriel Pageau wins face-off versus Sean Couturier in Whalers zone.
16:16 of 1st period - Off-side.
16:17 of 1st period - Jordan Staal wins face-off versus Christian Dvorak in neutral zone.
16:26 of 1st period - Wrist shot by Jordan Staal.
16:26 of 1st period - Shot Misses the Net.
16:42 of 1st period - Jordan Staal is hit by Vladimir Tarasenko and loses puck.
17:31 of 1st period - Backhand shot by Evgeny Kuznetsov.
17:31 of 1st period - Stopped by Jacob Markstrom without a rebound.
17:32 of 1st period - Christian Dvorak wins face-off versus Jean-Gabriel Pageau in Whalers zone.
17:58 of 1st period - Roman Josi is hit by Rem Pitlick and loses puck.
18:03 of 1st period - Snap shot by Johnny Gaudreau.
18:03 of 1st period - Deflect By Brock Nelson.
18:03 of 1st period - Shot Blocked by Roman Josi.
18:03 of 1st period - Puck is out of play.
18:04 of 1st period - Sean Couturier wins face-off versus Brock Nelson in Whalers zone.
18:19 of 1st period - Snap shot by Brock Nelson.
18:19 of 1st period - Stopped by Jacob Markstrom with a rebound.
19:05 of 1st period - Jordan Staal is hit by Justin Faulk and loses puck.
19:17 of 1st period - Wrist shot by Jordan Staal.
19:17 of 1st period - Shot Misses the Net.
19:27 of 1st period - Snap shot by Justin Faulk.
19:27 of 1st period - Shot Blocked by Braydon Coburn.
19:33 of 1st period - Roman Josi is hit by Jordan Staal and loses puck.
19:40 of 1st period - Snap shot by Jordan Staal.
19:40 of 1st period - Deflect By Joe Pavelski.
19:40 of 1st period - Shot Misses the Net.
19:40 of 1st period - Puck is out of play.
19:41 of 1st period - Christian Dvorak wins face-off versus Jean-Gabriel Pageau in Whalers zone.
Goals for this period are 0 for Islanders vs 0 for Whalers.
Shots for this period are 10 for Islanders vs 4 for Whalers.

2nd period


0:01 of 2nd period - Sean Couturier wins face-off versus Jean-Gabriel Pageau in neutral zone.
0:26 of 2nd period - Erik Gudbranson is hit by Mike Hardman and loses puck.
0:45 of 2nd period - Slapshot by Roman Josi.
0:45 of 2nd period - Stopped by James Reimer without a rebound.
0:46 of 2nd period - Jordan Staal wins face-off versus Joe Pavelski in Islanders zone.
1:24 of 2nd period - Wrist shot by Rem Pitlick.
1:24 of 2nd period - Stopped by Jacob Markstrom with a rebound.
1:38 of 2nd period - Wrist shot by Drake Batherson.
1:38 of 2nd period - Deflect By Christian Dvorak.
1:38 of 2nd period - Shot Blocked by Erik Gudbranson.
1:38 of 2nd period - Puck is out of play.
1:39 of 2nd period - Jean-Gabriel Pageau wins face-off versus Christian Dvorak in Islanders zone.
1:54 of 2nd period - Slapshot by Justin Faulk.
1:54 of 2nd period - Stopped by James Reimer without a rebound.
1:55 of 2nd period - Brock Nelson wins face-off versus Sean Couturier in Islanders zone.
2:08 of 2nd period - Backhand shot by Rem Pitlick.
2:08 of 2nd period - Stopped by Jacob Markstrom without a rebound.
2:09 of 2nd period - Sean Couturier wins face-off versus Jean-Gabriel Pageau in Whalers zone.
2:09 of 2nd period - Sean Couturier is hit by Jean-Gabriel Pageau.
2:21 of 2nd period - Snap shot by Rickard Rakell.
2:21 of 2nd period - Stopped by Jacob Markstrom without a rebound.
2:22 of 2nd period - Christian Dvorak wins face-off versus Brock Nelson in Whalers zone.
2:33 of 2nd period - Wrist shot by Johnny Gaudreau.
2:33 of 2nd period - Stopped by Jacob Markstrom with a rebound.
2:35 of 2nd period - Snap shot by Brock Nelson.
2:35 of 2nd period - Goal by Brock Nelson - Islanders : 1 - Whalers : 0.
2:36 of 2nd period - Jean-Gabriel Pageau wins face-off versus Sean Couturier in neutral zone.
2:41 of 2nd period - Wrist shot by Evgeny Kuznetsov.
2:41 of 2nd period - Shot Misses the Net.
2:53 of 2nd period - Slapshot by Sean Couturier.
2:53 of 2nd period - Shot Misses the Net.
3:33 of 2nd period - Slapshot by Roman Josi.
3:33 of 2nd period - Shot Misses the Net.
3:35 of 2nd period - Slapshot by Mike Hardman.
3:35 of 2nd period - Stopped by James Reimer without a rebound.
3:36 of 2nd period - Sean Couturier wins face-off versus Jean-Gabriel Pageau in Islanders zone.
3:37 of 2nd period - Wrist shot by David Perron.
3:37 of 2nd period - Stopped by James Reimer without a rebound.
3:38 of 2nd period - Jean-Gabriel Pageau wins face-off versus Sean Couturier in Islanders zone.
4:55 of 2nd period - Snap shot by Joe Pavelski.
4:55 of 2nd period - Stopped by James Reimer without a rebound.
4:56 of 2nd period - Sean Couturier wins face-off versus Johnny Gaudreau in Islanders zone.
5:01 of 2nd period - Slapshot by Bryan Rust.
5:01 of 2nd period - Stopped by James Reimer with a rebound.
5:23 of 2nd period - Rickard Rakell is hit by Christian Dvorak and loses puck.
6:15 of 2nd period - Snap shot by Sam Gagner.
6:15 of 2nd period - Shot Blocked by Joe Pavelski.
6:33 of 2nd period - Slapshot by Sean Couturier.
6:33 of 2nd period - Shot Misses the Net.
6:58 of 2nd period - Snap shot by Drake Batherson.
6:58 of 2nd period - Stopped by James Reimer with a rebound.
8:01 of 2nd period - Wrist shot by Bryan Rust.
8:01 of 2nd period - Deflect By Sean Couturier.
8:01 of 2nd period - Stopped by James Reimer with a rebound.
8:03 of 2nd period - Slapshot by Nikita Zadorov.
8:03 of 2nd period - Stopped by James Reimer without a rebound.
8:04 of 2nd period - Jean-Gabriel Pageau wins face-off versus Christian Dvorak in Islanders zone.
8:09 of 2nd period - Snap shot by Jean-Gabriel Pageau.
8:09 of 2nd period - Stopped by Jacob Markstrom without a rebound.
8:10 of 2nd period - Jean-Gabriel Pageau wins face-off versus Christian Dvorak in Whalers zone.
8:58 of 2nd period - Brian Dumoulin is hit by Nikita Zadorov and loses puck.
9:57 of 2nd period - Snap shot by Evgeny Kuznetsov.
9:57 of 2nd period - Deflect By Jean-Gabriel Pageau.
9:57 of 2nd period - Shot Misses the Net.
9:57 of 2nd period - Puck is out of play.
9:58 of 2nd period - Brock Nelson wins face-off versus Sean Couturier in Whalers zone.
10:06 of 2nd period - Off-side.
10:07 of 2nd period - Sean Couturier wins face-off versus Brock Nelson in neutral zone.
10:12 of 2nd period - Brady Skjei is hit by Bryan Rust and loses puck.
10:29 of 2nd period - Snap shot by Sean Couturier.
10:29 of 2nd period - Shot Misses the Net.
10:45 of 2nd period - Snap shot by Rem Pitlick.
10:45 of 2nd period - Stopped by Jacob Markstrom without a rebound.
10:46 of 2nd period - Joe Pavelski wins face-off versus Jordan Staal in Whalers zone.
10:51 of 2nd period - Slapshot by Nick Bonino.
10:51 of 2nd period - Stopped by Jacob Markstrom with a rebound.
10:55 of 2nd period - Wrist shot by Jordan Staal.
10:55 of 2nd period - Stopped by Jacob Markstrom without a rebound.
10:56 of 2nd period - Jordan Staal wins face-off versus Timo Meier in Whalers zone.
11:52 of 2nd period - Snap shot by Nick Bonino.
11:52 of 2nd period - Stopped by Jacob Markstrom with a rebound.
11:54 of 2nd period - Slapshot by Braydon Coburn.
11:54 of 2nd period - Stopped by Jacob Markstrom with a rebound.
11:56 of 2nd period - Snap shot by Nick Paul.
11:56 of 2nd period - Stopped by Jacob Markstrom without a rebound.
11:57 of 2nd period - Sean Couturier wins face-off versus Brock Nelson in Whalers zone.
12:07 of 2nd period - Icing by Johnny Gaudreau.
12:08 of 2nd period - Brock Nelson wins face-off versus Bryan Rust in Islanders zone.
12:19 of 2nd period - Rem Pitlick is hit by Justin Faulk and loses puck.
12:44 of 2nd period - Wrist shot by Drake Batherson.
12:44 of 2nd period - Stopped by James Reimer with a rebound.
12:58 of 2nd period - Brad Richardson is hit by Shane Pinto and loses puck.
13:09 of 2nd period - Wrist shot by Shane Pinto.
13:09 of 2nd period - Stopped by James Reimer with a rebound.
13:45 of 2nd period - Snap shot by Rem Pitlick.
13:45 of 2nd period - Shot Blocked by Timo Meier.
14:19 of 2nd period - Jordan Staal is hit by Nikita Zadorov and loses puck.
14:57 of 2nd period - Icing by Ryan Carpenter.
14:58 of 2nd period - Joe Pavelski wins face-off versus Brad Richardson in Islanders zone.
14:59 of 2nd period - Snap shot by Timo Meier.
14:59 of 2nd period - Shot Misses the Net.
15:07 of 2nd period - Snap shot by Brad Richardson.
15:07 of 2nd period - Stopped by Jacob Markstrom without a rebound.
15:08 of 2nd period - Brock Nelson wins face-off versus Joe Pavelski in Whalers zone.
15:51 of 2nd period - Wrist shot by Vladimir Tarasenko.
15:51 of 2nd period - Goal by Vladimir Tarasenko - Islanders : 1 - Whalers : 1.
15:52 of 2nd period - Jordan Staal wins face-off versus Sean Couturier in neutral zone.
15:55 of 2nd period - Wrist shot by Nick Bonino.
15:55 of 2nd period - Shot Blocked by Sean Couturier.
16:10 of 2nd period - Icing by Bryan Rust.
16:11 of 2nd period - Sean Couturier wins face-off versus Jean-Gabriel Pageau in Whalers zone.
16:30 of 2nd period - Snap shot by Bryan Rust.
16:30 of 2nd period - Stopped by James Reimer with a rebound.
16:32 of 2nd period - Wrist shot by Bryan Rust.
16:32 of 2nd period - Stopped by James Reimer with a rebound.
16:34 of 2nd period - Slapshot by Scott Mayfield.
16:34 of 2nd period - Shot Hit the Post.
16:36 of 2nd period - Slapshot by Bryan Rust.
16:36 of 2nd period - Shot Misses the Net.
16:38 of 2nd period - Slapshot by Sean Couturier.
16:38 of 2nd period - Stopped by James Reimer with a rebound.
16:44 of 2nd period - Slapshot by David Perron.
16:44 of 2nd period - Stopped by James Reimer with a rebound.
16:46 of 2nd period - Backhand shot by Scott Mayfield.
16:46 of 2nd period - Shot Blocked by Mathew Dumba.
16:48 of 2nd period - Slapshot by Scott Mayfield.
16:48 of 2nd period - Stopped by James Reimer with a rebound.
16:50 of 2nd period - Wrist shot by Bryan Rust.
16:50 of 2nd period - Deflect By David Perron.
16:50 of 2nd period - Shot Blocked by Mathew Dumba.
16:50 of 2nd period - Puck is out of play.
16:51 of 2nd period - Jordan Staal wins face-off versus Christian Dvorak in Islanders zone.
16:56 of 2nd period - Slapshot by Jake Muzzin.
16:56 of 2nd period - Stopped by Jacob Markstrom with a rebound.
16:58 of 2nd period - Slapshot by Jake Muzzin.
16:58 of 2nd period - Shot Blocked by Roman Josi.
17:00 of 2nd period - Wrist shot by Nick Paul.
17:00 of 2nd period - Shot Misses the Net.
17:16 of 2nd period - Braydon Coburn is hit by Justin Faulk and loses puck.
18:07 of 2nd period - David Perron is hit by Erik Gudbranson and loses puck.
18:20 of 2nd period - Wrist shot by Christian Dvorak.
18:20 of 2nd period - Shot Misses the Net.
18:22 of 2nd period - Wrist shot by Mike Hardman.
18:22 of 2nd period - Stopped by James Reimer with a rebound.
18:24 of 2nd period - Slapshot by Nikita Zadorov.
18:24 of 2nd period - Shot Blocked by Jordan Staal.
18:26 of 2nd period - Snap shot by Scott Mayfield.
18:26 of 2nd period - Shot Blocked by Brady Skjei.
18:28 of 2nd period - Wrist shot by Christian Dvorak.
18:28 of 2nd period - Deflect By Drake Batherson.
18:28 of 2nd period - Shot Blocked by Jordan Staal.
18:28 of 2nd period - Puck is out of play.
18:29 of 2nd period - Jean-Gabriel Pageau wins face-off versus Joe Pavelski in Islanders zone.
18:54 of 2nd period - Mike Hardman is hit by Erik Gudbranson and loses puck.
19:47 of 2nd period - Snap shot by Shane Pinto.
19:47 of 2nd period - Shot Misses the Net.
19:58 of 2nd period - Off-side.
19:59 of 2nd period - Jean-Gabriel Pageau wins face-off versus Joe Pavelski in neutral zone.
Goals for this period are 1 for Islanders vs 1 for Whalers.
Shots for this period are 14 for Islanders vs 18 for Whalers.

3rd period


0:01 of 3rd period - Jean-Gabriel Pageau wins face-off versus David Perron in neutral zone.
0:43 of 3rd period - Jacob Middleton is hit by Nick Paul and loses puck.
0:54 of 3rd period - Rem Pitlick is hit by David Savard.
1:16 of 3rd period - David Savard is hit by Braydon Coburn and loses puck.
1:38 of 3rd period - Snap shot by Sean Couturier.
1:38 of 3rd period - Shot Misses the Net.
2:33 of 3rd period - Wrist shot by Johnny Gaudreau.
2:33 of 3rd period - Deflect By Brock Nelson.
2:33 of 3rd period - Shot Blocked by Roman Josi.
2:33 of 3rd period - Puck is out of play.
2:34 of 3rd period - Sean Couturier wins face-off versus Brock Nelson in Whalers zone.
2:34 of 3rd period - Sean Couturier is hit by Braydon Coburn.
2:39 of 3rd period - Minor Penalty to Braydon Coburn for Tripping.
2:40 of 3rd period - Joe Pavelski wins face-off versus Brad Richardson in Islanders zone.
2:40 of 3rd period - Snap shot by Bryan Rust.
2:40 of 3rd period - Stopped by James Reimer without a rebound.
2:41 of 3rd period - Joe Pavelski wins face-off versus Brad Richardson in Islanders zone.
3:08 of 3rd period - Snap shot by Jake Muzzin.
3:08 of 3rd period - Shot Misses the Net.
4:12 of 3rd period - Nick Bonino is hit by Scott Mayfield and loses puck.
4:39 of 3rd period - Penalty to Braydon Coburn is over, Braydon Coburn is back on ice.
4:42 of 3rd period - Icing by Timo Meier.
4:43 of 3rd period - Brock Nelson wins face-off versus Sean Couturier in Whalers zone.
4:48 of 3rd period - Wrist shot by Rem Pitlick.
4:48 of 3rd period - Shot Misses the Net.
5:39 of 3rd period - Slapshot by Rem Pitlick.
5:39 of 3rd period - Shot Misses the Net.
5:41 of 3rd period - Snap shot by Johnny Gaudreau.
5:41 of 3rd period - Stopped by Jacob Markstrom with a rebound.
5:49 of 3rd period - Slapshot by Johnny Gaudreau.
5:49 of 3rd period - Shot Blocked by Roman Josi.
6:25 of 3rd period - Justin Faulk is hit by Rem Pitlick and loses puck.
7:00 of 3rd period - Snap shot by Johnny Gaudreau.
7:00 of 3rd period - Shot Blocked by Vladimir Tarasenko.
7:02 of 3rd period - Snap shot by Rem Pitlick.
7:02 of 3rd period - Deflect By Johnny Gaudreau.
7:02 of 3rd period - Shot Misses the Net.
7:02 of 3rd period - Puck is out of play.
7:03 of 3rd period - Christian Dvorak wins face-off versus Jean-Gabriel Pageau in Whalers zone.
7:14 of 3rd period - Snap shot by Nikita Zadorov.
7:14 of 3rd period - Shot Misses the Net.
7:51 of 3rd period - Wrist shot by Christian Dvorak.
7:51 of 3rd period - Shot Misses the Net.
7:57 of 3rd period - Snap shot by Jordan Staal.
7:57 of 3rd period - Shot Misses the Net.
7:59 of 3rd period - Snap shot by Jordan Staal.
7:59 of 3rd period - Shot Misses the Net.
8:22 of 3rd period - Wrist shot by Rickard Rakell.
8:22 of 3rd period - Goal by Rickard Rakell - Islanders : 2 - Whalers : 1.
8:23 of 3rd period - Shane Pinto wins face-off versus Rickard Rakell in neutral zone.
8:34 of 3rd period - Snap shot by Riley Nash.
8:34 of 3rd period - Shot Misses the Net.
8:36 of 3rd period - Snap shot by Tobias Rieder.
8:36 of 3rd period - Stopped by James Reimer with a rebound.
8:38 of 3rd period - Slapshot by Riley Nash.
8:38 of 3rd period - Stopped by James Reimer with a rebound.
9:46 of 3rd period - Wrist shot by Rickard Rakell.
9:46 of 3rd period - Stopped by Jacob Markstrom with a rebound.
9:55 of 3rd period - Icing by Jacob Middleton.
9:56 of 3rd period - Shane Pinto wins face-off versus Jordan Staal in Whalers zone.
10:10 of 3rd period - Icing by Jake Muzzin.
10:11 of 3rd period - Jean-Gabriel Pageau wins face-off versus Joe Pavelski in Islanders zone.
10:16 of 3rd period - Scott Mayfield is hit by Braydon Coburn and loses puck.
10:38 of 3rd period - Drake Batherson is hit by Nick Paul and loses puck.
10:47 of 3rd period - Snap shot by Jordan Staal.
10:47 of 3rd period - Deflect By Nick Bonino.
10:47 of 3rd period - Shot Misses the Net.
10:47 of 3rd period - Puck is out of play.
10:48 of 3rd period - Sean Couturier wins face-off versus Jordan Staal in Whalers zone.
11:13 of 3rd period - Drake Batherson is hit by Mathew Dumba and loses puck.
11:36 of 3rd period - Timo Meier is hit by Johnny Gaudreau and loses puck.
11:55 of 3rd period - Tobias Rieder is hit by Jordan Staal and loses puck.
12:16 of 3rd period - Sean Couturier is hit by Jean-Gabriel Pageau and loses puck.
12:25 of 3rd period - Snap shot by Rickard Rakell.
12:25 of 3rd period - Shot Misses the Net.
12:38 of 3rd period - Icing by Sean Couturier.
12:39 of 3rd period - Christian Dvorak wins face-off versus Brock Nelson in Whalers zone.
12:48 of 3rd period - Brock Nelson is hit by Mike Hardman and loses puck.
13:07 of 3rd period - Slapshot by Sean Couturier.
13:07 of 3rd period - Shot Misses the Net.
13:15 of 3rd period - Slapshot by Sean Couturier.
13:15 of 3rd period - Goal by Sean Couturier - Islanders : 2 - Whalers : 2.
13:16 of 3rd period - Sean Couturier wins face-off versus Jean-Gabriel Pageau in neutral zone.
13:27 of 3rd period - Snap shot by David Perron.
13:27 of 3rd period - Shot Blocked by Brady Skjei.
13:41 of 3rd period - Brady Skjei is hit by Nikita Zadorov and loses puck.
14:41 of 3rd period - Erik Gudbranson is hit by Sean Couturier and loses puck.
15:05 of 3rd period - Wrist shot by Timo Meier.
15:05 of 3rd period - Shot Misses the Net.
15:07 of 3rd period - Slapshot by Joe Pavelski.
15:07 of 3rd period - Shot Misses the Net.
15:58 of 3rd period - Snap shot by Sean Couturier.
15:58 of 3rd period - Stopped by James Reimer without a rebound.
15:59 of 3rd period - Sean Couturier wins face-off versus Jordan Staal in Islanders zone.
16:06 of 3rd period - Wrist shot by Braydon Coburn.
16:06 of 3rd period - Stopped by Jacob Markstrom with a rebound.
16:37 of 3rd period - Brian Dumoulin is hit by Mike Hardman and loses puck.
16:58 of 3rd period - Wrist shot by Vladimir Tarasenko.
16:58 of 3rd period - Deflect By Rickard Rakell.
16:58 of 3rd period - Shot Blocked by Brian Dumoulin.
16:58 of 3rd period - Puck is out of play.
16:59 of 3rd period - Christian Dvorak wins face-off versus Jordan Staal in Islanders zone.
17:14 of 3rd period - Snap shot by Christian Dvorak.
17:14 of 3rd period - Shot Misses the Net.
17:24 of 3rd period - David Perron is hit by Mathew Dumba and loses puck.
17:51 of 3rd period - Snap shot by Vladimir Tarasenko.
17:51 of 3rd period - Shot Misses the Net.
17:53 of 3rd period - Slapshot by Nikita Zadorov.
17:53 of 3rd period - Shot Blocked by Jake Muzzin.
17:55 of 3rd period - Slapshot by Nikita Zadorov.
17:55 of 3rd period - Shot Misses the Net.
17:57 of 3rd period - Slapshot by Nikita Zadorov.
17:57 of 3rd period - Deflect By Joe Pavelski.
17:57 of 3rd period - Shot Misses the Net.
17:57 of 3rd period - Puck is out of play.
17:58 of 3rd period - Drake Batherson wins face-off versus Jordan Staal in Islanders zone.
18:01 of 3rd period - Snap shot by Christian Dvorak.
18:01 of 3rd period - Stopped by James Reimer without a rebound.
18:02 of 3rd period - Drake Batherson wins face-off versus Jordan Staal in Islanders zone.
18:11 of 3rd period - Slapshot by Christian Dvorak.
18:11 of 3rd period - Shot Misses the Net.
18:13 of 3rd period - Slapshot by Drake Batherson.
18:13 of 3rd period - Deflect By Christian Dvorak.
18:13 of 3rd period - Shot Misses the Net.
18:13 of 3rd period - Puck is out of play.
18:14 of 3rd period - Jordan Staal wins face-off versus Christian Dvorak in Islanders zone.
18:14 of 3rd period - Jordan Staal is hit by Nikita Zadorov.
18:20 of 3rd period - Slapshot by Mathew Dumba.
18:20 of 3rd period - Stopped by Jacob Markstrom with a rebound.
18:22 of 3rd period - Slapshot by Brady Skjei.
18:22 of 3rd period - Stopped by Jacob Markstrom without a rebound.
18:23 of 3rd period - Jordan Staal wins face-off versus Christian Dvorak in Whalers zone.
18:58 of 3rd period - Snap shot by Nick Bonino.
18:58 of 3rd period - Shot Misses the Net.
19:00 of 3rd period - Slapshot by Nick Bonino.
19:00 of 3rd period - Shot Misses the Net.
19:02 of 3rd period - Slapshot by Nick Paul.
19:02 of 3rd period - Shot Misses the Net.
19:04 of 3rd period - Slapshot by Brady Skjei.
19:04 of 3rd period - Shot Blocked by Scott Mayfield.
19:33 of 3rd period - Scott Mayfield is hit by Nick Paul and loses puck.
19:38 of 3rd period - Wrist shot by Jordan Staal.
19:38 of 3rd period - Shot Misses the Net.
19:40 of 3rd period - Slapshot by Brady Skjei.
19:40 of 3rd period - Stopped by Jacob Markstrom with a rebound.
19:42 of 3rd period - Snap shot by Brady Skjei.
19:42 of 3rd period - Stopped by Jacob Markstrom with a rebound.
19:44 of 3rd period - Wrist shot by Brady Skjei.
19:44 of 3rd period - Shot Blocked by Mike Hardman.
19:46 of 3rd period - Slapshot by Mathew Dumba.
19:46 of 3rd period - Stopped by Jacob Markstrom without a rebound.
19:47 of 3rd period - Joe Pavelski wins face-off versus Brock Nelson in Whalers zone.
Goals for this period are 1 for Islanders vs 1 for Whalers.
Shots for this period are 9 for Islanders vs 6 for Whalers.

Overtime #1


0:01 of 1st overtime period - Sean Couturier wins face-off versus Jean-Gabriel Pageau in neutral zone.
0:08 of 1st overtime period - Snap shot by Sean Couturier.
0:08 of 1st overtime period - Shot Blocked by Rickard Rakell.
0:10 of 1st overtime period - Slapshot by Roman Josi.
0:10 of 1st overtime period - Deflect By David Perron.
0:10 of 1st overtime period - Shot Misses the Net.
0:10 of 1st overtime period - Puck is out of play.
0:11 of 1st overtime period - Sean Couturier wins face-off versus Jean-Gabriel Pageau in Islanders zone.
0:20 of 1st overtime period - Wrist shot by Bryan Rust.
0:20 of 1st overtime period - Shot Misses the Net.
0:22 of 1st overtime period - Snap shot by David Perron.
0:22 of 1st overtime period - Stopped by James Reimer without a rebound.
0:23 of 1st overtime period - Jean-Gabriel Pageau wins face-off versus Sean Couturier in Islanders zone.
0:36 of 1st overtime period - Wrist shot by Rickard Rakell.
0:36 of 1st overtime period - Stopped by Jacob Markstrom with a rebound.
0:38 of 1st overtime period - Snap shot by Erik Gudbranson.
0:38 of 1st overtime period - Stopped by Jacob Markstrom with a rebound.
1:57 of 1st overtime period - Snap shot by Sam Gagner.
1:57 of 1st overtime period - Stopped by Jacob Markstrom without a rebound.
1:58 of 1st overtime period - Sean Couturier wins face-off versus Brock Nelson in Whalers zone.
2:11 of 1st overtime period - Slapshot by Bryan Rust.
2:11 of 1st overtime period - Shot Misses the Net.
3:32 of 1st overtime period - Snap shot by Drake Batherson.
3:32 of 1st overtime period - Stopped by James Reimer with a rebound.
3:34 of 1st overtime period - Minor Penalty to Mathew Dumba for Hooking.
3:35 of 1st overtime period - Sean Couturier wins face-off versus Jean-Gabriel Pageau in Islanders zone.
3:38 of 1st overtime period - Slapshot by Vladimir Tarasenko.
3:38 of 1st overtime period - Deflect By Sean Couturier.
3:38 of 1st overtime period - Shot Misses the Net.
3:38 of 1st overtime period - Puck is out of play.
3:39 of 1st overtime period - Sean Couturier wins face-off versus Jean-Gabriel Pageau in Islanders zone.
4:18 of 1st overtime period - Slapshot by Nick Paul.
4:18 of 1st overtime period - Deflect By Brad Richardson.
4:18 of 1st overtime period - Shot Misses the Net.
4:18 of 1st overtime period - Puck is out of play.
4:19 of 1st overtime period - Timo Meier wins face-off versus Brad Richardson in Whalers zone.
5:34 of 1st overtime period - Penalty to Mathew Dumba is over, Mathew Dumba is back on ice.
6:05 of 1st overtime period - Slapshot by Shane Pinto.
6:05 of 1st overtime period - Stopped by James Reimer without a rebound.
6:06 of 1st overtime period - Shane Pinto wins face-off versus Jean-Gabriel Pageau in Islanders zone.
6:19 of 1st overtime period - Slapshot by Roman Josi.
6:19 of 1st overtime period - Deflect By Jake Muzzin.
6:19 of 1st overtime period - Stopped by James Reimer with a rebound.
6:21 of 1st overtime period - Snap shot by Shane Pinto.
6:21 of 1st overtime period - Shot Blocked by Braydon Coburn.
6:35 of 1st overtime period - Snap shot by Vladimir Tarasenko.
6:35 of 1st overtime period - Stopped by James Reimer without a rebound.
6:36 of 1st overtime period - Joe Pavelski wins face-off versus Brock Nelson in Islanders zone.
7:33 of 1st overtime period - Wrist shot by Christian Dvorak.
7:33 of 1st overtime period - Stopped by James Reimer with a rebound.
9:52 of 1st overtime period - Slapshot by Bryan Rust.
9:52 of 1st overtime period - Shot Blocked by Jake Muzzin.
9:54 of 1st overtime period - Slapshot by Sean Couturier.
9:54 of 1st overtime period - Shot Misses the Net.
9:56 of 1st overtime period - Slapshot by Justin Faulk.
9:56 of 1st overtime period - Shot Blocked by Braydon Coburn.
10:18 of 1st overtime period - Slapshot by Scott Mayfield.
10:18 of 1st overtime period - Deflect By Rem Pitlick.
10:18 of 1st overtime period - Stopped by James Reimer without a rebound.
10:19 of 1st overtime period - Joe Pavelski wins face-off versus Jean-Gabriel Pageau in Islanders zone.
10:37 of 1st overtime period - Icing by Scott Mayfield.
10:38 of 1st overtime period - Joe Pavelski wins face-off versus Brock Nelson in Whalers zone.
11:13 of 1st overtime period - Wrist shot by Vladimir Tarasenko.
11:13 of 1st overtime period - Stopped by James Reimer without a rebound.
11:14 of 1st overtime period - Brock Nelson wins face-off versus Sean Couturier in Islanders zone.
11:27 of 1st overtime period - Slapshot by David Perron.
11:27 of 1st overtime period - Stopped by James Reimer with a rebound.
11:29 of 1st overtime period - Wrist shot by David Perron.
11:29 of 1st overtime period - Stopped by James Reimer with a rebound.
11:31 of 1st overtime period - Slapshot by Justin Faulk.
11:31 of 1st overtime period - Shot Misses the Net.
11:46 of 1st overtime period - Slapshot by Christian Dvorak.
11:46 of 1st overtime period - Stopped by James Reimer without a rebound.
11:47 of 1st overtime period - Jean-Gabriel Pageau wins face-off versus Joe Pavelski in Islanders zone.
11:56 of 1st overtime period - Snap shot by Timo Meier.
11:56 of 1st overtime period - Stopped by James Reimer without a rebound.
11:57 of 1st overtime period - Jean-Gabriel Pageau wins face-off versus Joe Pavelski in Islanders zone.
12:18 of 1st overtime period - Slapshot by Evgeny Kuznetsov.
12:18 of 1st overtime period - Shot Misses the Net.
12:45 of 1st overtime period - Icing by Vladimir Tarasenko.
12:46 of 1st overtime period - Joe Pavelski wins face-off versus Brock Nelson in Whalers zone.
14:11 of 1st overtime period - Wrist shot by Evgeny Kuznetsov.
14:11 of 1st overtime period - Goal by Evgeny Kuznetsov - Islanders : 3 - Whalers : 2.
Goals for this period are 1 for Islanders vs 0 for Whalers.
Shots for this period are 4 for Islanders vs 12 for Whalers. Output by the SimonT Hockey Simulator (STHS) for Eric Tremblay - Original Page W3C HTML5 Valid
Hockey Simulator - Hockey Simulation - Hockey Manager